 Dungeon Crawl Stone Soup version 0.27-a0-1200-g94dc6ad4cf (webtiles) character file.

Game seed: 14607903534619782520

14616 senseless the Fighter (level 11, 0/101 HPs)
             Began as a Minotaur Fighter on May 31, 2021.
             Was a Believer of the Shining One.
             Slain by Sonja
             ... wielding a +1 short sword of distortion
              (20 damage)
             ... on level 11 of the Dungeon.
             The game lasted 00:39:50 (12805 turns).

senseless the Fighter (Minotaur Fighter)           Turns: 12805, Time: 00:39:52

Health: 0/101      AC: 21    Str: 24    XL:     11   Next: 91%
Magic:  16/16      EV:  9    Int:  5    God:    the Shining One [**....]
Gold:   1596       SH:  5    Dex: 10    Spells: 18/18 levels left

rFire    . . .     SeeInvis .   t - +8 great sword of Nuosutun {vorpal, +Blink}
rCold    . . .     Faith    .   (shield currently unavailable)
rNeg     + . .     Spirit   .   b - +0 plate armour
rPois    .         Reflect  +   (helmet restricted)
rElec    .         Harm     .   (no cloak)
rCorr    .         Rampage  .   g - +2 pair of gloves
Will     .....                  D - +2 pair of boots {Fly}
Stlth    ..........             n - amulet of reflection
HPRegen  0.26/turn              (no ring)
MPRegen  0.15/turn              (no ring)

@: lethally poisoned (0 -> -1), flying, slowed, glowing, very slow
A: horns 2, retaliatory headbutt
a: Renounce Religion, Evoke Blink, Divine Shield


You were on level 11 of the Dungeon.
You worshipped the Shining One.
The Shining One was pleased with you.
You visited 3 branches of the dungeon, and saw 13 of its levels.

You collected 1596 gold pieces.

Inventory:

Hand Weapons
 a - a +1 falchion of electrocution
 f - a +6 spectral dagger
 h - a +1 double sword of freezing
 q - a +5 falchion
 t - the +8 great sword of Nuosutun (weapon) {vorpal, +Blink}
   (You found it on level 5 of the Dungeon)

   It inflicts extra damage upon your enemies.
   It lets you blink.
 E - the +6 rapier "Down" {protect, rElec rF+ rN++ Int-3}
   (You found it on level 8 of the Dungeon)

   It grants its wielder temporary protection when it strikes (+7 to AC).
   It affects your intelligence (-3).
   It protects you from fire.
   It insulates you from electricity.
   It greatly protects you from negative energy.
 G - the +0 short sword of Defilement {elec, *Rage rCorr Str+3 Dex+8}
   (You took it off an orc on level 5 of the Dungeon)

   Occasionally, upon striking a foe, it can discharge electrical energy and
   cause terrible harm.
   It affects your strength (+3).
   It affects your dexterity (+8).
   It may make you go berserk in combat.
   It protects you from acid and corrosion.
 L - a +1 hunting sling of freezing
 M - a +0 spectral quarterstaff
 N - a +5 eveningstar
Missiles
 c - a curare-tipped dart
 j - 17 poisoned darts (quivered)
 k - 7 datura-tipped darts
 r - 3 boomerangs of dispersal
 O - 5 javelins
Armour
 b - a +0 plate armour (worn)
 g - a +2 pair of gloves (worn)
 D - a +2 pair of boots of flying (worn)
 F - a +2 robe of the Archmagi
 H - a +1 chain mail
 J - a +2 pair of boots
Magical Staves
 I - a staff of conjuration
Jewellery
 n - an amulet of reflection (around neck)
 w - a ring of ice
Wands
 p - a wand of acid (3)
 s - a wand of digging (12)
 x - a wand of iceblast (21)
 y - a wand of flame (39)
 z - a wand of mindburst (5)
Scrolls
 e - 5 scrolls of teleportation
 i - a scroll of magic mapping
 m - a scroll of immolation
 u - 2 scrolls of enchant weapon
 K - a scroll of holy word {unknown}
Potions
 d - 3 potions of might
 l - a potion of curing
 o - 2 potions of heal wounds
 v - a potion of lignification {unknown}
 A - a potion of brilliance
 B - 2 potions of haste
 C - a potion of resistance


   Skills:
 + Level 10.8 Fighting
 - Level 5.0(8.0) Short Blades
 + Level 10.4(11.0) Long Blades
 - Level 2.4 Axes
 + Level 4.3 Throwing
 + Level 10.8 Armour
 + Level 7.6 Dodging
 - Level 6.8 Shields
 * Level 4.2 Spellcasting


You had 18 spell levels left.
You didn't know any spells.
Your spell library contained the following spells:

 Spells                   Type           Power      Damage    Failure   Level
 Apportation              Tloc           2%         N/A       98%         1
 Foxfire                  Conj/Fire      4%         2x1d4     98%         1
 Magic Dart               Conj           4%         1d3       98%         1
 Corpse Rot               Necr/Air       N/A        N/A       99%         2
 Searing Ray              Conj           2%         3d3       99%         2
 Sublimation of Blood     Necr           0%         N/A       99%         2
 Conjure Flame            Conj/Fire      1%         6-21      100%        3
 Dazzling Flash           Conj/Hex       2%         N/A       100%        3
 Inner Flame              Hex/Fire       1%         N/A       100%        3
 Lesser Beckoning         Tloc           0%         N/A       100%        3
 Tukima's Dance           Hex            1%         N/A       100%        3
 Dispel Undead            Necr           1%         3d6       100%        4
 Fulminant Prism          Conj/Hex       0%         3d6       100%        4
 Iskenderun's Mystic Bla  Conj/Tloc      1%         2d3       100%        4
 Sticky Flame             Conj/Fire      1%         2d3       100%        4
 Agony                    Necr           1%         N/A       100%        5
 Alistair's Intoxication  Tmut/Pois      0%         N/A       100%        5
 Excruciating Wounds      Necr           0%         N/A       100%        5
 Fireball                 Conj/Fire      0%         3d3       100%        5
 Invisibility             Hex            1%         N/A       100%        6


Dungeon Overview and Level Annotations

Branches:
Dungeon (11/15)            Temple (1/1) D:6            Lair (1/6) D:8
    Orc: D:9-12

Altars:
Ashenzari
Cheibriados
Dithmenos
Elyvilon
Fedhas
Gozag
Hepliaklqana
Kikubaaqudgha
Makhleb
Nemelex Xobeh
Okawaru
Qazlal
Ru
Sif Muna
Trog
Uskayaw
Vehumet
Wu Jian
Xom
Yredelemnul
Zin
The Shining One
Beogh

Annotations:
D:9 3 runed translucent doors, Sassenached's ghost, novice DgWn
D:10 1 runed translucent door, p0werm0de's ghost, journeyman DDFi
D:11 Sonja


Innate Abilities, Weirdness & Mutations

You have a pair of horns on your head.
You reflexively headbutt those who attack you in melee.


Message History

You feel sick.
Sonja gestures wildly while chanting.
Sonja blinks!
Sonja says, "Someone hired me to kill you, but I'm not supposed to say who."
You throw a poisoned dart. The poisoned dart closely misses Sonja.
You feel sick.
You are no longer poisoned.
Sonja throws a curare-tipped dart.
The curare-tipped dart barely misses you.
You throw a poisoned dart.
The poisoned dart completely misses Sonja.
Sonja gestures wildly while chanting.
Sonja blinks!
No target in view!
Sonja is nearby!
You throw a poisoned dart. The poisoned dart misses Sonja.
Sonja throws a curare-tipped dart.
The curare-tipped dart hits you.
You are poisoned.
You have difficulty breathing.
You feel as though you will be slow longer.
You throw a poisoned dart. The poisoned dart closely misses Sonja.
You feel very sick.
You throw a poisoned dart. The poisoned dart hits Sonja!
Sonja is poisoned.
Sonja is moderately wounded.
You feel sick.
Sonja bows elegantly.
You feel sick. Sonja closely misses you. Sonja hits you but does no damage.
Space bends around you. Sonja closely misses you.
Sonja hits you but does no damage. Space bends around you.
You block Sonja's attack. Sonja hits you but does no damage.
Space warps horribly around you!!
* * * LOW HITPOINT WARNING * * *
You are too injured to fight recklessly!
You miss Sonja.
Sonja is heavily wounded.
You feel sick.
Sonja hits you with a +1 short sword of distortion.
* * * LOW HITPOINT WARNING * * *
Space warps horribly around you!!
You die...

..............
...(.(..#. W ...
.... ........##.
##.##.... .........
##........
..(....W##.........
...#..##..........
#K.##..#..........
#@..#..#..........
#..##..#.......#..
#.......##.....#..
##......###.......
#########..(.....
#........ #........
#..#..... ##.##....


You could see Sonja (very poisoned).

Vanquished Creatures
  Harold (D:10)
  A centaur warrior (D:8)
  Erica (D:9)
  A two-headed ogre (D:10)
  Urug (D:11)
  An ugly thing (D:10)
  Joseph (D:10)
  Psyche (D:9)
  3 trolls
  A meliai zombie (D:11)
  2 shadows
  24 yaks
  A vampire (D:8)
  The ghost of senseless the Bolt Thrower, an amateur MiHu (D:5)
  Eustachio (D:4)
  Grum (D:9)
  2 water moccasins
  An ice beast (D:8)
  4 orc warriors
  A hornet zombie (D:7)
  6 black bears
  3 ogres
  5 wolves
  4 centaurs
  A phantom (D:6)
  A kobold brigand (D:9)
  2 bullfrogs
  2 gnoll sergeants (D:5)
  A scorpion (D:6)
  4 killer bees (D:9)
  6 wights
  3 electric eels (D:8)
  4 centaur zombies
  A bullfrog zombie (D:6)
  A gnoll shaman (D:7)
  6 orc priests
  8 hounds
  A centaur skeleton (D:6)
  3 iguanas
  4 orc wizards
  2 killer bee zombies
  A hound zombie (D:5)
  A hound skeleton (D:4)
  A howler monkey zombie (D:10)
  6 adders
  4 gnolls (D:7)
  A shadow imp (D:7)
  A white imp (D:6)
  An ufetubus (D:6)
  An adder skeleton (D:4)
  A worm (D:4)
  3 dart slugs
  24 orcs
  6 ball pythons
  3 bats
  8 endoplasms
  4 giant cockroaches
  9 goblins
  6 hobgoblins
  3 jackals
  7 kobolds
  3 quokkas
  4 frilled lizards
  6 rats
222 creatures vanquished.

Vanquished Creatures (others)
  5 plants (D:9)
5 creatures vanquished.

Grand Total: 227 creatures vanquished

Notes
Turn   | Place    | Note
-------+----------+-------------------------------------------
     0 | D:1      | senseless the Minotaur Fighter began the quest for the Orb.
     0 | D:1      | Reached XP level 1. HP: 19/19 MP: 0/0
   166 | D:1      | Reached XP level 2. HP: 27/27 MP: 1/1
   278 | D:1      | Reached skill level 1 in Short Blades
   619 | D:2      | Reached XP level 3. HP: 26/33 MP: 2/2
  1719 | D:3      | Found a radiant altar of Vehumet.
  1781 | D:3      | Found a faded altar of an unknown god.
  1976 | D:3      | Reached XP level 4. HP: 41/41 MP: 3/3
  2632 | D:4      | Reached XP level 5. HP: 44/47 MP: 4/4
  2699 | D:4      | Noticed an ogre
  2707 | D:4      | Killed an ogre
  2708 | D:4      | Reached skill level 5 in Fighting
  2708 | D:4      | Reached skill level 5 in Armour
  2708 | D:4      | Reached skill level 5 in Shields
  3017 | D:4      | Noticed Eustachio
  3037 | D:4      | Killed Eustachio
  3038 | D:4      | Reached XP level 6. HP: 4/56 MP: 5/5
  3407 | D:5      | Entered Level 5 of the Dungeon
  3495 | D:5      | Found a runed translucent gate.
  3497 | D:5      | Found a runed translucent gate.
  3498 | D:5      | Identified the +0 short sword of Defilement {elec, *Rage
                  | rCorr Str+3 Dex+8}
  3498 | D:5      | Noticed senseless's ghost (amateur MiHu)
  3499 | D:5      | Found a runed translucent gate.
  3635 | D:5      | Found a sparkling altar of Nemelex Xobeh.
  3663 | D:5      | Reached XP level 7. HP: 59/62 MP: 6/6
  4544 | D:6      | Reached XP level 8. HP: 63/71 MP: 7/7
  4656 | D:6      | Reached skill level 5 in Short Blades
  4767 | D:5      | Identified the +8 great sword of Nuosutun {vorpal, +Blink}
  4899 | D:6      | Reached skill level 1 in Long Blades
  4941 | D:6      | Reached skill level 1 in Dodging
  5019 | D:6      | Found a blossoming altar of Fedhas.
  5103 | D:6      | Reached XP level 9. HP: 19/80 MP: 8/8
  5147 | D:6      | Reached skill level 5 in Long Blades
  5383 | D:6      | Found a shadowy altar of Dithmenos.
  5409 | D:6      | Found a staircase to the Ecumenical Temple.
  5437 | Temple   | Entered the Ecumenical Temple
  5503 | Temple   | Became a worshipper of the Shining One
  5641 | D:6      | Found a shimmering blue altar of Sif Muna.
  6000 | D:7      | Identified a scroll of acquirement
  6000 | D:7      | Acquired 745 gold pieces
  7072 | D:7      | Found a white marble altar of Elyvilon.
  7711 | D:8      | Noticed a centaur warrior
  7720 | D:8      | Killed a centaur warrior
  7721 | D:8      | Reached skill level 5 in Dodging
  7721 | D:8      | Reached XP level 10. HP: 62/91 MP: 9/9
  7893 | D:8      | Reached * piety under the Shining One
  8268 | D:8      | Found an ancient bone altar of Kikubaaqudgha.
  8624 | D:8      | Found a staircase to the Lair.
  8829 | D:8      | Identified the +6 rapier "Down" {protect, rElec rF+ rN++
                  | Int-3}
  9100 | D:5      | Killed senseless's ghost
  9297 | D:8      | Acquired a +1 vorpal double sword
  9298 | D:8      | Acquired a +2 pair of boots of flying
  9562 | D:9      | Noticed a nine-headed hydra
  9562 | D:9      | Noticed Sassenached's ghost (novice DgWn)
  9563 | D:9      | Found a runed translucent gate.
  9563 | D:9      | Found a runed translucent gate.
  9695 | D:9      | Found a hide-covered altar of Uskayaw.
  9699 | D:9      | Found a runed translucent gate.
  9828 | D:9      | Noticed Grum
  9836 | D:9      | Killed Grum
  9837 | D:9      | Reached skill level 1 in Throwing
  9837 | D:9      | Reached skill level 1 in Spellcasting
  9976 | D:9      | Noticed Erica
  9985 | D:9      | Killed Erica
 10022 | D:9      | Reached skill level 10 in Fighting
 10022 | D:9      | Reached skill level 10 in Armour
 10022 | D:9      | Reached XP level 11. HP: 93/99 MP: 13/13
 10276 | D:9      | Noticed Psyche
 10284 | D:9      | Killed Psyche
 10903 | D:10     | Entered Level 10 of the Dungeon
 10949 | Lair:1   | Entered Level 1 of the Lair of Beasts
 11083 | Lair:1   | Noticed an eight-headed hydra
 11571 | D:10     | Found a runed translucent door.
 11571 | D:10     | Found a shimmering altar of Xom.
 11571 | D:10     | Noticed p0werm0de's ghost (journeyman DDFi)
 11571 | D:10     | Reached ** piety under the Shining One
 11571 | D:10     | Noticed a +2 halberd of chaos
 11642 | D:10     | Noticed Harold
 11654 | D:10     | Killed Harold
 11815 | D:10     | Reached skill level 10 in Long Blades
 11873 | D:10     | Noticed a brown ugly thing
 11881 | D:10     | Killed a brown ugly thing
 11975 | D:10     | Noticed Joseph
 11979 | D:10     | Killed Joseph
 12238 | D:10     | Noticed a two-headed ogre
 12243 | D:10     | Killed a two-headed ogre
 12578 | D:11     | Noticed Urug
 12589 | D:11     | Killed Urug
 12774 | D:11     | Noticed Sonja
 12805 | D:11     | Slain by Sonja

Illustrated notes

Levels and vault maps discovered:
D:1:      scummos_arrival_star, layout_rooms, minmay_crystal_water
D:2:      layout_basic, serial_bayou_pond_c, minmay_misc_feat_doors,
          serial_bayou_pond_c, minmay_pentomino_z4
D:3:      layout_basic, nicolae_vehumet_altar_sigil,
          shapermc_ecumenical_altar_starsandcircs
D:4:      layout_cave_pools, uniq_eustachio
D:5:      layout_loops_ring, nemelex_diamond_rough_becter,
          biasface_ghost_orc_armoury, chequers_serial_rivers_large_b,
          sword_in_stone
D:6:      layout_basic, nicolae_dithmenos_shadow_blocks, amcnicky_altar_gilded,
          led_sif_pool, minmay_temple_entry_butterflies
D:7:      layout_layer_cave, nicolae_overflow_crystal_walls
D:8:      layout_gridville, kennysheep_mini_moat, erik_lair_island,
          minmay_between
D:9:      layout_loops_corners, lemuel_crystal_altar,
          gammafunk_ghost_hydra_chop, uniq_psyche, uniq_erica, uniq_grum
D:10:     layout_roguey, ebering_ghost_xom, uniq_harold, uniq_joseph
D:11:     layout_cave_pools, orc_0_dummy, uniq_urug, uniq_sonja
Temple:   nicolae_temple_great_sept
Lair:1:   layout_cave_pods, nicolae_quartered_pool_little, st_stairs_3

Skill      XL: |  1  2  3  4  5  6  7  8  9 10 11 |
---------------+----------------------------------+-----
Fighting       | 4 5 6 7 9 10 | 10.8
Short Blades   | 1 2 3 4 5 |  5.0
Shields        | 4 5 6 |  6.8
Armour         | 4 5 6 7 9 10 | 10.8
Long Blades    | 4 8 9 10 | 10.4
Dodging        | 3 5 6 7 |  7.6
Throwing       | 2 4 |  4.3
Spellcasting   | 2 4 |  4.2
Axes           | |  2.4

Action                   |  1- 3 |  4- 6 |  7- 9 | 10-12 || total
-------------------------+-------+-------+-------+-------++-------
Melee: Dagger            |    91 |    81 |    83 |       ||   255
       Headbutt          |    11 |    13 |    30 |    50 ||   104
       Great sword       |       |       |    85 |   220 ||   305
       Unarmed           |       |       |       |     3 ||     3
Throw: Dart              |       |     4 |     5 |    23 ||    32
Evoke: Wand              |       |       |     1 |       ||     1
  Use: Scroll            |     4 |     4 |     4 |    11 ||    23
       Potion            |       |       |     2 |       ||     2
 Stab: Distracted        |       |       |     2 |       ||     2
Armor: Scale mail        |    29 |    21 |    26 |       ||    76
       Chain mail        |       |       |    45 |    21 ||    66
       Plate armour      |       |       |       |   131 ||   131
Dodge: Dodged            |    23 |    18 |    72 |    90 ||   203
Block: Kite shield       |    36 |    50 |    50 |       ||   136
       Reflection        |       |     1 |     1 |     2 ||     4
       Other             |       |       |    25 |    59 ||    84
       Rpst.: Great sword |       |       |    15 |    24 ||    39

Table legend: (Time is in decaauts)
 A = Elapsed time spent in this place.
 B = Non-inter-level travel time spent in this place.
 C = Inter-level travel time spent in this place.
 D = Time resting spent in this place.
 E = Time spent auto-exploring this place.
 F = Levels seen in this place.
 G = Mean time per level.
                   A        B        C        D        E       F      G
               +--------+--------+--------+--------+--------+-----+--------+
         Total |  12958 |  11964 |    994 |   1726 |   8613 |  13 |  996.8 |
       Dungeon |  12697 |  11713 |    984 |   1726 |   8422 |  11 | 1154.3 |
        Temple |     76 |     67 |      9 |      0 |     62 |   1 |   76.0 |
          Lair |    184 |    184 |      0 |      0 |    129 |   1 |  184.0 |
               +--------+--------+--------+--------+--------+-----+--------+

Top non-repeatable levels by time:
     D:8: 2093 daAuts
     D:9: 1626 daAuts
     D:5: 1513 daAuts
     D:7: 1360 daAuts
     D:6: 1265 daAuts
     D:4: 1147 daAuts
    D:10: 932 daAuts
     D:2: 902 daAuts
     D:3: 807 daAuts
     D:1: 589 daAuts
    D:11: 459 daAuts
  Lair:1: 184 daAuts
  Temple: 76 daAuts
